 Dungeon Crawl Stone Soup version 0.25-a0-109-ge9c0e85935 (webtiles) character file.

Game seed: 2477027845780798284, levelgen mode: deterministic

251460 vurker the Severer (level 20, 0/246 HPs)
             Began as a Formicid Abyssal Knight on Nov 18, 2019.
             Was a High Priest of Lugonu.
             Killed by divine providence
             ... invoked by a deep elf high priest
              (14 damage)
             ... on level 1 of the Elven Halls.
             The game lasted 01:34:48 (59149 turns).

vurker the Severer (Formicid Abyssal Knight)       Turns: 59149, Time: 01:34:49

Health: 0/246      AC: 30    Str: 24    XL:     20   Next: 45%
Magic:  28/32      EV:  2    Int: 14    God:    Lugonu [*****.]
Gold:   1668       SH: 20    Dex: 10    Spells: 19/19 levels left

rFire    . . .     SeeInvis .   b - +3 battleaxe (elec)
rCold    . . .     Gourm    .   h - +0 large shield
rNeg     + + +     Faith    .   (armour currently unavailable)
rPois    +         Spirit   .   (helmet unavailable)
rElec    .         Reflect  .   (cloak currently unavailable)
rCorr    .         Harm     .   (gloves currently unavailable)
MR       +++..                  (boots currently unavailable)
Stlth    +.........             f - amulet of the acrobat
HPRegen  0.51/turn              s - ring of protection from magic
MPRegen  0.23/turn              i - +5 ring of slaying

@: tree-form
A: permanent stasis, dig shafts and tunnels, four strong arms
}: 2/15 runes: serpentine, barnacled
a: Depart the Abyss, Bend Space, Banish, Corrupt, Enter the Abyss, Renounce
Religion


You were on level 1 of the Elven Halls.
You worshipped Lugonu.
Lugonu was extremely pleased with you.
You were hungry.
You were a tree.
You visited 7 branches of the dungeon, and saw 33 of its levels.
You visited the Abyss 2 times.

You collected 2780 gold pieces.
You spent 1112 gold pieces at shops.

Inventory:

Hand Weapons
 a - a +9 executioner's axe of chopping
   (You bought it in a shop on level 8 of the Dungeon)
 b - a +3 battleaxe of electrocution (weapon)
   (You took it off a naga mage on level 4 of the Snake Pit)
Missiles
 r - 12 throwing nets (quivered)
Armour
 h - a +0 large shield (worn)
   (You found it on level 2 of the Dungeon)
 w - a +2 pair of gloves of dexterity (melded)
   (You found it on level 6 of the Lair of Beasts)
 B - a +10 plate armour of fire resistance (melded)
   (You bought it in a shop on level 2 of the Orcish Mines)
 O - a +2 pair of boots (melded)
   (You found it on level 4 of the Snake Pit)
 P - a scarf of resistance (melded)
   (You found it on level 2 of the Shoals)
Jewellery
 d - an uncursed ring of protection from cold
   (You found it on level 3 of the Dungeon)
 f - an amulet of the acrobat (around neck)
   (You took it off Sigmund on level 3 of the Dungeon)
 i - a +5 ring of slaying (right branch)
   (You took it off a kobold on level 2 of the Dungeon)
 q - an uncursed ring of poison resistance
   (You found it on level 5 of the Dungeon)
 s - a ring of protection from magic (left branch)
   (You took it off an orc wizard on level 10 of the Dungeon)
 x - an uncursed ring of positive energy
   (You found it on level 6 of the Lair of Beasts)
 G - an uncursed ring of flight
   (You found it on level 9 of the Dungeon)
 N - an uncursed ring of protection from fire
   (You found it on level 3 of the Lair of Beasts)
Wands
 t - a wand of flame (38)
   (You found it on level 1 of the Lair of Beasts)
 u - a wand of paralysis (9)
   (You found it on level 7 of the Dungeon)
 v - a wand of digging (5)
   (You took it off an orc priest on level 10 of the Dungeon)
 D - a wand of enslavement (28)
   (You took it off an orc warrior on level 10 of the Dungeon)
Scrolls
 k - a scroll of silence
 l - 4 scrolls of fog
 m - 3 scrolls of identify
 n - 5 scrolls of magic mapping
 z - a scroll of summoning
 A - 5 scrolls of remove curse
 E - 2 scrolls of immolation
 J - 3 scrolls of fear
 L - a scroll of enchant armour
Potions
 c - 2 potions of lignification
 j - 2 potions of might
 o - 4 potions of mutation
 p - 4 potions of agility
 y - 3 potions of cancellation
 C - a potion of magic
 F - 3 potions of brilliance
 H - a potion of resistance
 K - 2 potions of ambrosia
 M - 4 potions of curing
 Q - a potion of invisibility
Miscellaneous
 I - a lightning rod (4/4)
   (You found it on level 12 of the Dungeon)
Comestibles
 e - 20 rations
 g - 9 chunks of flesh


   Skills:
 + Level 16.1 Fighting
 * Level 19.9 Axes
 * Level 8.4 Armour
 * Level 6.6 Dodging
 - Level 15.0 Shields
 + Level 17.2 Invocations
 - Level 10.0 Evocations


You had 19 spell levels left.
You didn't know any spells.
Your spell library contained the following spells:

 Spells                   Type           Power        Failure   Level  Hunger
 Animate Skeleton         Necr           N/A          28%         1    ##.....
 Magic Dart               Conj           #...         28%         1    ##.....
 Pain                     Necr           #...         28%         1    ##.....
 Shock                    Conj/Air       #...         28%         1    ##.....
 Poisonous Vapours        Pois/Air       #.....       41%         2    ###....
 Searing Ray              Conj           #.....       41%         2    ###....
 Swiftness                Chrm/Air       #.......     41%         2    ###....
 Conjure Flame            Conj/Fire      #.......     65%         3    ####...
 Dazzling Spray           Conj/Hex       #.....       65%         3    ####...
 Gell's Gravitas          Tloc           #.........   65%         3    ####...
 Mephitic Cloud           Conj/Pois/Air  #.......     65%         3    ####...
 Portal Projectile        Hex/Tloc       #.....       65%         3    ####...
 Regeneration             Chrm/Necr      #.........   65%         3    ####...
 Static Discharge         Conj/Air       #.......     65%         3    ####...
 Vampiric Draining        Necr           #.........   65%         3    ####...
 Airstrike                Air            #.........   96%         4    #####..
 Animate Dead             Necr           N/A          96%         4    #####..
 Cause Fear               Hex            #.........   96%         4    #####..
 Force Lance              Conj/Tloc      #.......     96%         4    #####..
 Fulminant Prism          Conj/Hex       #.........   96%         4    #####..
 Iskenderun's Mystic Bla  Conj           #.......     96%         4    #####..
 Leda's Liquefaction      Hex/Erth       #.........   96%         4    #####..
 Summon Lightning Spire   Summ/Air       #.......     96%         4    #####..
 Bolt of Magma            Conj/Fire/Erth #.........   100%        5    ######.
 Lightning Bolt           Conj/Air       #.........   100%        5    ######.
 Silence                  Hex/Air        #.........   100%        5    ######.
 Yara's Violent Unravell  Hex/Tmut       #.........   100%        5    ######.
 Conjure Ball Lightning   Conj/Air       #.........   100%        6    #######
 Deflect Missiles         Chrm/Air       #.........   100%        6    #######
 Dispersal                Tloc           #.........   100%        6    #######
 Freezing Cloud           Conj/Ice/Air   #.........   100%        6    #######
 Iron Shot                Conj/Erth      #.........   100%        6    #######
 Statue Form              Tmut/Erth      #........    100%        6    #######
 Ring of Flames           Chrm/Fire      #.........   100%        7    #######
 Discord                  Hex            #.........   100%        8    #######
 Disjunction              Tloc           #.........   100%        8    #######
 Shatter                  Erth           #.........   100%        9    #######
 Tornado                  Air            #.........   100%        9    #######
 Controlled Blink         Tloc           Unusable     N/A         8    N/A

Dungeon Overview and Level Annotations

Branches:
Dungeon (15/15)            Temple (1/1) D:5            Lair (6/6) D:9
 Shoals (4/4) Lair:4        Snake (4/4) Lair:4        Slime (0/5) Lair:6
    Orc (2/2) D:11            Elf (1/3) Orc:2        Vaults (0/5) D:14
 Depths (0/5) D:15

Altars:
Ashenzari
Cheibriados
Dithmenos
Elyvilon
Fedhas
Gozag
Hepliaklqana
Kikubaaqudgha
Makhleb
Nemelex Xobeh
Okawaru
Qazlal
Ru
Sif Muna
Trog
Uskayaw
Vehumet
Wu Jian
Xom
Yredelemnul
Zin
The Shining One

Shops:
D:8 *   D:13 :   Orc:2 }??[   Shoals:2 (:=   Shoals:3 *   Snake:1 %   Snake:3 %

Annotations:
D:8 exclusion: obsidian statue
D:9 3 runed translucent doors, no0bjke's ghost, journeyman GrFi
D:10 2 runed translucent doors
D:11 1 runed translucent door, Mukku's ghost, journeyman DsVM
Lair:2 3 runed translucent doors, exclusion: oklob plant, Depyiwoq's ghost, journeyman TrEE; Habiwosh's ghost, journeyman GnSk; Irchumiyd's ghost, journeyman DEAE
Shoals:3 1 runed translucent door, mortelune's ghost, adept DsWn
Shoals:4 corrupted
Snake:1 1 runed translucent door, grouchysmurf's ghost, journeyman MiAK
Snake:2 1 runed translucent door, Suukk's ghost, adept MfIE
Snake:3 2 transporters, Suukk's ghost, adept MfIE
Snake:4 corrupted
Elf:1 corrupted
Abyss:1 Snorg


Innate Abilities, Weirdness & Mutations

You cannot be hasted, slowed, berserked, paralysed or teleported.
You can dig through walls and to a lower floor.
Your four strong arms can wield two-handed weapons with a shield.
((You have a pair of large antennae on your head. (SInv)))


Message History

The fire giant simulacrum freezes something!
The orange demon disappears in a puff of smoke!
The red devil disappears in a puff of smoke!
The sun demon disappears in a puff of smoke!
The green death disappears in a puff of smoke!
The deep elf knight points at you and mumbles some strange words.
You block the orb of energy.
The deep elf archer unwields a +0 short sword.
The deep elf archer wields a +0 shortbow.
The deep elf archer shoots an arrow.
The arrow barely misses the water elemental.
The arrow barely misses the deep elf high priest.
The arrow hits the thrashing horror!
The deep elf knight blocks the thrashing horror's attack.
The thrashing horror tramples the deep elf knight.
The deep elf knight stumbles backwards!
The large abomination hits the deep elf archer!
The deep elf knight hits the thrashing horror with a +1 vampiric long sword!
The thrashing horror is destroyed!
The deep elf high priest utters an invocation to its god.
A corpse begins to drag itself along the ground!
Some corpses meld into agglomerations of writhing flesh!
The water elemental hits something.
The water elemental engulfs something in water!
The large abomination hits the small abomination but does no damage.
The deep elf knight shouts! 3 small abominations and a crawling corpse come into view.
The deep elf archer dies!
The deep elf knight hits the blizzard demon with a +1 vampiric long sword.
The blizzard demon misses the deep elf knight.
The blizzard demon barely misses the deep elf knight.
The small abomination closely misses the small abomination.
The deep elf high priest mumbles some strange prayers to its god.
The deep elf high priest begins emitting a brilliant aura!
The deep elf knight is empowered by the deep elf high priest's aura!
The deep elf archer is empowered by the deep elf high priest's aura!
The deep elf knight is empowered by the deep elf high priest's aura!
You block the deep elf knight's attack.
The small abomination hits the blizzard demon!
The deep elf archer blinks!
The deep elf knight blocks the large abomination's attack.
The small abomination hits the small abomination.
The deep elf knight hits the large abomination but does no damage.
You closely miss the deep elf knight.
The small abomination hits the small abomination!
The blizzard demon hits the deep elf knight!
The deep elf knight dies!
The deep elf high priest invokes the aid of its god against you.
Something smites you!
You die...

.#..#..#..#
.#..#..#.[#
.#..#..#..#
+#..#..#..###
....'..#..##.##
....#..#....e.##
#####..#..##...##
####### #x).## {


{4☼{ #ZX♣# { ...§xe2xe## { ....Xxx§o# {{#..#Ee.#.# .○#....).# $)..).#.#
#......x## ........# You could see 2 deep elf archers, a deep elf knight, a deep
elf high priest, 3 small abominations, an orc, a crawling corpse, a neutral
blizzard demon, 2 neutral large abominations, a neutral water elemental, 2
neutral small abominations and a neutral fire giant simulacrum.

Vanquished Creatures
  Vashnia (Snake:2)
  Rupert (Lair:3)
  Jorgrun (Shoals:2)
  2 krakens
  Frances (D:13)
  9 nagarajas
  Louise (Snake:4)
  A dire elephant (Lair:6)
  Azrael (D:12)
  2 merfolk javelineers
  11 merfolk impalers
  Fannar (D:10)
  3 vault guards (D:14)
  9 anacondas
  5 merfolk avatars
  13 naga warriors
  6 centaur warriors
  A death knight (D:14)
  2 merfolk aquamancers
  A satyr (Shoals:3)
  Erica (D:8)
  2 catoblepae (Lair:6)
  13 two-headed ogres
  4 ogre magi
  18 death yaks
  20 naga sharpshooters
  3 shock serpents
  Urug (Orc:1)
  A skeletal warrior (D:13)
  An unseen horror (D:13)
  12 sea snakes
  9 naga ritualists
  A phantasmal warrior (D:14)
  11 mana vipers
  23 harpies
  2 lindwurms (Lair:6)
  4 orc knights
  2 deep elf archers
  5 deep elf magi (Elf:1)
  4 ugly things
  12 fauns
  An orc sorcerer (Orc:2)
  11 salamanders
  13 manticores
  6 merfolk sirens
  An ice statue (Shoals:4)
  8 cyclopes
  A guardian serpent (Snake:2)
  18 naga magi
  30 black mambas
  11 elephants
  7 water nymphs
  An eye of devastation (Lair:6)
  9 spiny frogs
  A gargoyle (D:13)
  Psyche (D:8)
  4 komodo dragons
  2 kobold demonologists (D:15)
  3 rime drakes
  An efreet (D:14)
  2 freezing wraiths
  A harpy zombie (D:15)
  3 tengu conjurers
  10 trolls
  48 merfolk
  10 wind drakes
  Grinder (D:4)
  Prince Ribbit (D:6)
  3 meliai (D:12)
  12 dream sheep
  A hornet (shapeshifter) (D:13)
  14 slime creatures
  14 snapping turtles
  10 blink frogs
  19 hippogriffs
  Sigmund (D:3)
  A wraith (D:13)
  A shadow (D:13)
  2 fire elementals (D:12)
  10 water elementals
  A human (D:14)
  37 yaks
  A vampire (D:15)
  5 basilisks
  A hungry ghost (D:12)
  7 vampire mosquitoes (D:15)
  3 wyverns
  Menkaure (D:4)
  10 wargs
  37 nagas
  8 water moccasins
  2 hell hounds (D:12)
  Edmund (D:6)
  11 porcupines
  Duvessa (D:6)
  5 ice beasts
  4 black bears
  2 eyes of draining
  A necrophage (D:10)
  32 orc warriors
  5 phantoms
  33 ogres
  27 centaurs
  14 crocodiles
  2 big kobolds
  18 bullfrogs
  A wyvern zombie (D:12)
  Dowan (D:6)
  5 scorpions
  2 troll zombies (D:11)
  9 killer bees
  5 howler monkeys
  6 wights
  An electric eel (D:15)
  8 crimson imps
  A quasit (D:14)
  4 bullfrog zombies
  3 centaur zombies
  2 jellies
  9 hounds
  28 orc priests
  5 centaur skeletons
  3 bullfrog skeletons
  8 iguanas
  21 orc wizards
  7 worker ants
  6 ogre zombies (D:11)
  A hound zombie (D:7)
  A howler monkey zombie (D:10)
  3 worker ant zombies
  Robin (D:3)
  11 adders
  5 shadow imps
  An adder skeleton (D:5)
  2 worms
  4 dart slugs
  4 leopard geckos
  107 orcs
  3 ball pythons
  7 giant cockroaches
  17 goblins
  6 hobgoblins
  15 jackals
  18 kobolds
  6 quokkas
  6 bats
  2 frilled lizards
  3 goblin skeletons (D:11)
  4 goblin zombies (D:11)
  A hobgoblin skeleton (D:11)
  A hobgoblin zombie (D:11)
  3 orc skeletons (D:11)
  13 orc zombies (D:11)
  A quokka skeleton (D:5)
  9 rats
  2 fungi
  2 plants (Lair:6)
  7 tentacles
1184 creatures vanquished.

Vanquished Creatures (collateral kills)
  A hydra (Lair:5)
1 creature vanquished.

Vanquished Creatures (others)
  A frost giant (Shoals:4)
  2 orc warlords (Orc:1)
  A large abomination (Elf:1)
  A dire elephant (D:15)
  2 deep elf demonologists (Elf:1)
  3 merfolk javelineers (Shoals:4)
  An ettin (Orc:1)
  4 merfolk impalers (Shoals:4)
  A slime creature (D:12)
  A deep elf high priest (Elf:1)
  A merfolk aquamancer (Shoals:4)
  10 hydras
  3 two-headed ogres
  A dancing weapon (Elf:1)
  2 deep elf knights (Elf:1)
  2 orc high priests (Elf:1)
  A shock serpent (Snake:4)
  A sea snake (Shoals:4)
  An orc knight (Orc:1)
  A naga ritualist (Snake:4)
  A deep elf archer (Elf:1)
  3 harpies (Shoals:4)
  A deep elf mage (Elf:1)
  A cyclops (Orc:1)
  2 merfolk sirens
  A water nymph (Shoals:4)
  A naga mage (Snake:4)
  3 black mambas
  A spiny frog (Lair:6)
  A merfolk (Shoals:2)
  A wind drake (Shoals:4)
  3 blink frogs
  A snapping turtle (Shoals:4)
  A wyvern (D:9)
  A water elemental (Elf:1)
  A shadow (D:15)
  A hungry ghost (D:10)
  An acid dragon (D:9)
  2 nagas (Snake:4)
  An ogre (D:10)
  A centaur zombie (D:10)
  An orc priest (Elf:1)
  An orc wizard (Elf:1)
  4 orcs
  11 fungi
  13 plants
  24 starspawn tentacles
  13 tentacles
  4 withered plants
140 creatures vanquished.

Grand Total: 1325 creatures vanquished

Notes
Turn   | Place    | Note
-------+----------+-------------------------------------------
     0 | Abyss:1  | vurker the Formicid Abyssal Knight began the quest for the
                  | Orb.
     0 | Abyss:1  | Reached XP level 1. HP: 18/18 MP: 2/2
    17 | Abyss:1  | Noticed a ynoxinul
    29 | Abyss:1  | Found a corrupted altar of Lugonu.
    55 | D:1      | Escaped the Abyss
   321 | D:1      | Reached XP level 2. HP: 19/24 MP: 3/3
   686 | D:1      | Reached * piety under Lugonu
   889 | D:1      | Reached XP level 3. HP: 24/29 MP: 4/4
  1334 | D:2      | Reached skill level 3 in Axes
  1805 | D:2      | Reached XP level 4. HP: 36/37 MP: 6/6
  2075 | D:2      | Found a shimmering altar of Xom.
  2546 | D:2      | Reached ** piety under Lugonu
  3003 | D:3      | Noticed Sigmund
  3144 | D:3      | Reached skill level 1 in Shields
  3331 | D:3      | Reached XP level 5. HP: 30/42 MP: 7/7
  3462 | D:3      | Killed Sigmund
  3462 | D:3      | Reached skill level 4 in Axes
  3462 | D:3      | Reached XP level 6. HP: 3/49 MP: 8/8
  4660 | D:3      | Reached XP level 7. HP: 51/55 MP: 10/10
  4686 | D:4      | Noticed Robin
  4876 | D:3      | Reached skill level 5 in Axes
  4878 | D:3      | Killed Robin
  4879 | D:3      | Reached *** piety under Lugonu
  5092 | D:3      | Reached skill level 5 in Fighting
  5478 | D:4      | Found a white marble altar of Elyvilon.
  5701 | D:4      | Noticed Menkaure
  5712 | D:4      | Killed Menkaure
  5712 | D:4      | Reached skill level 5 in Invocations
  5712 | D:4      | Reached XP level 8. HP: 24/62 MP: 11/11
  6063 | D:4      | Noticed Grinder
  6082 | D:4      | Killed Grinder
  6082 | D:4      | Reached skill level 6 in Axes
  6271 | D:5      | Entered Level 5 of the Dungeon
  7693 | D:5      | Reached skill level 7 in Axes
  7693 | D:5      | Reached skill level 5 in Shields
  7693 | D:5      | Reached XP level 9. HP: 44/69 MP: 13/13
  7883 | D:5      | Found a staircase to the Ecumenical Temple.
  7892 | Temple   | Entered the Ecumenical Temple
  8133 | D:5      | Reached **** piety under Lugonu
  8293 | D:6      | Noticed Edmund
  8308 | D:6      | Killed Edmund
  8323 | D:6      | Noticed Duvessa
  8324 | D:6      | Noticed Dowan
  8353 | D:6      | Killed Duvessa
  8353 | D:6      | Killed Dowan
  9112 | D:6      | Found a snail-covered altar of Cheibriados.
  9187 | D:6      | Reached skill level 8 in Axes
  9192 | D:6      | Noticed Prince Ribbit
  9203 | D:6      | Killed Prince Ribbit
  9723 | D:7      | Reached XP level 10. HP: 38/79 MP: 15/15
 10446 | D:7      | Reached skill level 9 in Axes
 10650 | D:7      | Found a blossoming altar of Fedhas.
 10897 | D:7      | Found a stormy altar of Qazlal.
 11095 | D:8      | Found a sacrificial altar of Ru.
 11100 | D:8      | Noticed Psyche
 11114 | D:8      | Killed Psyche
 11114 | D:8      | Reached skill level 1 in Evocations
 11261 | D:8      | Noticed an obsidian statue
 11266 | D:8      | Noticed a rust devil
 11404 | D:8      | Found Ytocu's General Store.
 11428 | D:8      | Reached ***** piety under Lugonu
 11656 | D:8      | Bought a scroll of identify for 28 gold pieces
 11656 | D:8      | Bought a +0 executioner's axe for 140 gold pieces
 11656 | D:8      | Bought a potion of heal wounds for 70 gold pieces
 11656 | D:8      | Bought a potion of curing for 42 gold pieces
 11680 | D:8      | Found an iron altar of Okawaru.
 11680 | D:8      | Found a glowing golden altar of the Shining One.
 12037 | D:8      | Noticed Erica
 12056 | D:8      | Killed Erica
 12327 | D:8      | Found a sparkling altar of Nemelex Xobeh.
 12671 | D:9      | Noticed a two-headed ogre
 12672 | D:9      | Noticed a two-headed ogre
 12673 | D:9      | Reached XP level 11. HP: 25/86 MP: 12/17
 12932 | D:9      | Reached skill level 10 in Axes
 13496 | D:9      | Noticed no0bjke's ghost (journeyman GrFi)
 13510 | D:9      | Found a runed translucent gate.
 13510 | D:9      | Found a runed translucent gate.
 13510 | D:9      | Found a runed translucent gate.
 13545 | D:9      | Killed a two-headed ogre
 13615 | D:9      | Banished a two-headed ogre
 14094 | D:9      | Found a staircase to the Lair.
 14124 | D:9      | Noticed an anaconda
 14440 | D:10     | Entered Level 10 of the Dungeon
 14628 | D:10     | Noticed Fannar
 14639 | D:10     | Killed Fannar
 14639 | D:10     | Reached skill level 11 in Axes
 15270 | D:10     | Noticed a fire dragon
 15272 | D:10     | Noticed an ice dragon
 15272 | D:10     | Noticed a fire dragon
 15296 | D:10     | Reached skill level 5 in Evocations
 15302 | D:10     | Reached XP level 12. HP: 38/95 MP: 19/19
 15640 | D:10     | Found a runed translucent door.
 15642 | D:10     | Noticed an ice dragon
 15644 | D:10     | Found the +2 shield of Resistance {rF+ rC+ MR+}
 15653 | D:10     | Found a runed translucent door.
 16046 | D:11     | Noticed a centaur warrior
 16065 | D:10     | Killed a centaur warrior
 16065 | D:10     | Reached skill level 10 in Invocations
 16913 | D:11     | Found a runed translucent door.
 16915 | D:11     | Found a staircase to the Orcish Mines.
 16961 | D:11     | Found a shimmering altar of Xom.
 16961 | D:11     | Noticed a +0 scimitar of chaos
 16962 | D:11     | Noticed Mukku's ghost (journeyman DsVM)
 17300 | Lair:1   | Entered Level 1 of the Lair of Beasts
 17826 | Lair:1   | Reached skill level 12 in Axes
 18443 | Lair:1   | Reached skill level 10 in Shields
 18886 | Lair:2   | Noticed an eight-headed hydra
 18889 | Lair:2   | Banished an eight-headed hydra
 18889 | Lair:2   | Reached skill level 10 in Fighting
 18895 | Lair:2   | Noticed a six-headed hydra
 18903 | Lair:2   | Banished a six-headed hydra
 19190 | Lair:2   | Found a runed translucent gate.
 19190 | Lair:2   | Found a runed translucent gate.
 19191 | Lair:2   | Found a runed translucent gate.
 19294 | Lair:2   | Reached XP level 13. HP: 81/103 MP: 21/21
 19639 | Lair:2   | Noticed Habiwosh's ghost (journeyman GnSk)
 19645 | Lair:2   | Noticed Irchumiyd's ghost (journeyman DEAE)
 19645 | Lair:2   | Noticed Depyiwoq's ghost (journeyman TrEE)
 19645 | Lair:2   | Noticed Irchumiyd's ghost (journeyman DEAE)
 20035 | Lair:3   | Noticed Rupert
 20063 | Lair:3   | Killed Rupert
 20439 | Lair:3   | Found a hazy altar of Hepliaklqana.
 20508 | Lair:3   | Noticed Snorg
 20516 | Lair:3   | HP: 2/104 [Snorg (14)]
 20518 | Lair:3   | Banished Snorg
 20954 | Lair:3   | Reached skill level 13 in Axes
 22129 | Lair:4   | Noticed a five-headed hydra
 22130 | Lair:4   | Banished a five-headed hydra
 22625 | Lair:4   | Found a staircase to the Snake Pit.
 22878 | Lair:4   | Found a staircase to the Shoals.
 23605 | Lair:5   | Reached XP level 14. HP: 81/113 MP: 22/22
 23895 | Lair:5   | You fall into a shaft and drop 1 floor!
 23895 | Lair:6   | Entered Level 6 of the Lair of Beasts
 25340 | Lair:6   | Reached skill level 14 in Axes
 25680 | Lair:6   | Found a staircase to the Slime Pits.
 25728 | Lair:6   | HP: 1/113 [disintegration (27)]
 27790 | Lair:6   | Noticed a dire elephant
 27803 | Lair:6   | Killed a dire elephant
 28919 | Lair:6   | Identified the Almanac of the Birds
 28961 | Lair:6   | HP: 4/114 [death yak (54)]
 28963 | Lair:6   | HP: 1/114 [death yak (1)]
 28975 | Lair:6   | HP: 3/114 [death yak (2)]
 29371 | Lair:6   | Reached XP level 15. HP: 94/120 MP: 24/24
 30675 | Lair:6   | Found a staircase to the Slime Pits.
 31517 | Orc:1    | Entered Level 1 of the Orcish Mines
 31531 | Orc:1    | Reached skill level 15 in Axes
 32054 | Orc:1    | Reached skill level 10 in Evocations
 32076 | Orc:1    | Noticed an orc warlord
 32086 | Orc:1    | Banished an orc warlord
 32821 | Orc:2    | Entered Level 2 of the Orcish Mines
 34828 | Orc:2    | Found Jorican's Gadget Shop.
 34829 | Orc:2    | Found Adufulatt's Magic Scroll Shoppe.
 34829 | Orc:2    | Found Pout's Armour Boutique.
 34829 | Orc:2    | Found Qufowkajo's Magic Scroll Shoppe.
 34836 | Orc:2    | Bought a scroll of immolation for 52 gold pieces
 34836 | Orc:2    | Bought a scroll of identify for 30 gold pieces
 34836 | Orc:2    | Bought a scroll of identify for 30 gold pieces
 34862 | Orc:2    | Noticed an orc warlord
 35334 | Orc:1    | Banished an orc warlord
 35693 | Orc:2    | Reached XP level 16. HP: 129/129 MP: 26/26
 35841 | Orc:2    | Found a staircase to the Elven Halls.
 36218 | Orc:1    | Noticed Urug
 36252 | Orc:1    | Killed Urug
 36449 | Orc:2    | Bought a +3 plate armour of fire resistance for 720 gold
                  | pieces
 36660 | D:12     | Noticed Azrael
 36665 | D:12     | Killed Azrael
 37007 | D:12     | Reached skill level 16 in Axes
 37456 | D:12     | Got a spiked leather armour
 38500 | D:13     | Noticed Frances
 38541 | D:13     | Killed Frances
 39295 | D:13     | Found Nufan's Book Shop.
 40926 | D:14     | Found a gate to the Vaults.
 41374 | D:15     | Entered Level 15 of the Dungeon
 41422 | D:15     | Found a staircase to the Depths.
 41971 | D:15     | Reached XP level 17. HP: 126/138 MP: 27/27
 42403 | D:15     | Reached skill level 17 in Axes
 43134 | Snake:1  | Entered Level 1 of the Snake Pit
 44127 | Snake:1  | Found a snail-covered altar of Cheibriados.
 44167 | Snake:1  | Found a runed translucent door.
 44173 | Snake:1  | Reached skill level 15 in Invocations
 44323 | Snake:1  | Found Runk's Food Emporium.
 44411 | Snake:1  | Reached ****** piety under Lugonu
 44620 | Snake:1  | Noticed grouchysmurf's ghost (journeyman MiAK)
 45237 | Snake:2  | Noticed Vashnia
 45287 | Snake:2  | Found a runed translucent door.
 45571 | Snake:2  | Reached skill level 15 in Shields
 45592 | Snake:2  | Killed Vashnia
 46298 | Snake:2  | Reached skill level 18 in Axes
 46325 | Snake:2  | Reached skill level 1 in Dodging
 46329 | Snake:2  | Reached XP level 18. HP: 138/147 MP: 29/29
 46413 | Snake:2  | Noticed Suukk's ghost (adept MfIE)
 46616 | Snake:3  | Found Leneleng's Food Shop.
 46706 | Snake:3  | Found a transporter.
 46709 | Snake:3  | Noticed Suukk's ghost (adept MfIE)
 46729 | Snake:3  | Found a transporter.
 46749 | Snake:3  | Identified a scroll of acquirement
 46753 | Snake:3  | Got a pair of slimy gloves
 46764 | Snake:3  | Identified the +1 pair of gloves of Gehenna {Int+4} (You
                  | acquired it on level 3 of the Snake Pit)
 47803 | Snake:4  | Entered Level 4 of the Snake Pit
 47940 | Snake:4  | Corrupted Snake:4
 48724 | Snake:4  | Reached skill level 15 in Fighting
 49416 | Snake:4  | Got a serpentine rune of Zot
 49489 | Snake:4  | Reached skill level 5 in Armour
 50246 | Snake:4  | Noticed Louise
 50263 | Snake:4  | Cast into level 2 of the Abyss (Louise)
 50317 | Snake:4  | Escaped the Abyss
 50336 | Snake:4  | Killed Louise
 50662 | Shoals:1 | Entered Level 1 of the Shoals
 50678 | Shoals:1 | Reached XP level 19. HP: 118/155 MP: 31/31
 51726 | Shoals:1 | Reached skill level 19 in Axes
 52554 | Shoals:2 | Found Macwakh's Antique Weapon Emporium.
 52757 | Shoals:2 | Reached skill level 5 in Dodging
 53038 | Shoals:2 | Noticed Jorgrun
 53039 | Shoals:2 | Found a shadowy altar of Dithmenos.
 53062 | Shoals:2 | Killed Jorgrun
 54063 | Shoals:2 | Found Lethosch's Jewellery Boutique.
 54069 | Shoals:2 | Found Xifoaklaih's Book Boutique.
 54283 | Shoals:3 | Found a runed translucent door.
 54283 | Shoals:3 | Noticed mortelune's ghost (adept DsWn)
 54291 | Shoals:3 | Found Heyto's Island Escapes.
 55331 | Shoals:3 | Found the +8 lance "Wyrmbane" {slay drac, rPois rF+ rC+
                  | AC+3}
 56146 | Shoals:3 | Found a runed translucent door.
 56243 | Shoals:3 | Found Heyto's Island Escapes.
 56382 | Shoals:4 | Entered Level 4 of the Shoals
 56423 | Shoals:4 | Reached XP level 20. HP: 158/164 MP: 32/32
 57344 | Shoals:4 | Corrupted Shoals:4
 57643 | Shoals:4 | Got a barnacled rune of Zot
 58911 | Elf:1    | Entered Level 1 of the Elven Halls
 59127 | Elf:1    | Noticed a Tzitzimitl
 59130 | Elf:1    | Identified the +9 dagger "Qumir" {distort, rF- Str+2 Dex+5}
 59133 | Elf:1    | Noticed an Ice Fiend
 59134 | Elf:1    | Corrupted Elf:1
 59144 | Elf:1    | HP: 3/246 [deep elf high priest/divine providence (13)]
 59149 | Elf:1    | Killed from afar by a deep elf high priest

Levels and vault maps discovered:
D:1:      ncdulo_watergridlock, layout_loops_corners
D:2:      layout_basic, marbit_many_paths
D:3:      layout_basic, minmay_pentangle, uniq_sigmund
D:4:      layout_cave_pools, elyvilon_altar_1, uniq_menkaure, uniq_grinder,
          uniq_robin
D:5:      layout_gridville, minmay_temple_entry_hall, first_ration,
          chequers_garden, kennysheep_generic_room_9
D:6:      layout_gridville, lemuel_crystal_altar,
          hangedman_abyss_or_decor_slice, uniq_duvessa, uniq_prince_ribbit1,
          uniq_edmund
D:7:      layout_loops_corners, lemuel_coloured_pillars_altar, fedhas_altar_1,
          serial_glass, glass_columns_b, glass_columns_c, glass_columns_b,
          glass_columns_c
D:8:      minmay_statue_hallways, layout_cave_pods,
          nemelex_xobeh_ov_fountains_minmay, overflow_temple_1_default,
          gammafunk_temple_overflow_statue, serial_shops,
          nicolae_shop_statue_plus, uniq_psyche, uniq_erica
D:9:      layout_cave_pools, dpeg_oklobed_lair, gammafunk_ghost_split
D:10:     layout_loops_ring, hangedman_stone_soup,
          minmay_guarded_unrand_resistance, uniq_fannar
D:11:     layout_big_octagon, zombieorc2_lemuel, ebering_ghost_xom
D:12:     layout_loops_ring, uniq_azrael
D:13:     layout_basic, serial_shops, shop, uniq_frances
D:14:     layout_rooms, grunt_vaults_entry_fortified, minmay_misc_feat_iff
D:15:     hangedman_depths_entry_try_elsewhere_first, layout_loops_corners,
          minivault_14, hive_lemuel
Temple:   cyrus_circular_temple
Lair:1:   layout_roguey
Lair:2:   layout_roguey, gammafunk_ghost_cemetery, nicolae_quartered_pool_super,
          minmay_lair_oklob_chamber, grunt_megastairs_2
Lair:3:   wander_river, layout_misc_corridors, basic_altar,
          serial_bayou_shore_b, uniq_rupert, uniq_snorg
Lair:4:   layout_long_grid, minmay_shoals_entry_hut, guppyfry_snake_entry_island
Lair:5:   layout_loops_ring, chequers_serial_rivers_micro_a, lemuel_old_faithful
Lair:6:   hangedman_lair_in_review, layout_cave_pods, minmay_slime_entry_eyes,
          st_stairs_10, hangedman_lair_unloving_vines
Shoals:1: layout_shoals
Shoals:2: layout_shoals, serial_shops, nicolae_shop_stone, nicolae_shop_trees,
          nicolae_shop_waterfront, lemuel_centaur_altar, uniq_jorgrun
Shoals:3: layout_shoals, gammafunk_ghost_grave, nicolae_island_escapes
Shoals:4: shoals_end_grunt_ice, layout_shoals,
          portal_ice_cave_entry_ice_statue_one,
          nicolae_shoals_stone_sculpture_thing, nicolae_shoals_seven_spires
Snake:1:  layout_cave_shapes, ebering_ghost_inner_flame, serial_shops, shop,
          basic_altar
Snake:2:  layout_rooms, ebering_ghost_reflecting_pool, serial_bayou_shore_b,
          uniq_vashnia
Snake:3:  layout_onion_interference, gammafunk_ghost_berserking_beasts,
          serial_shops, shop
Snake:4:  snake_pit, layout_cave_town, uniq_louise
Orc:1:    layout_diamond_mine, uniq_urug
Orc:2:    st_orc_ogre_mass, layout_caves
Elf:1:    minmay_elf_arrival_plus, layout_onion_city, serial_shops, shop,
          minmay_elf_demonology, orc_legates, uniq_asterion

Skill      XL: |  1  2  3  4  5  6  7  8  9 10 11 12 13 14 15 16 17 18 19 20 |
---------------+-------------------------------------------------------------+-----
Axes           | 3 4 5 7 8 9 11 12 13 14 15 16 18 19 | 19.9
Invocations    | 3 4 5 6 7 8 9 10 11 12 13 14 15 16 17 | 17.2
Fighting       | 4 5 6 7 8 9 10 11 12 13 14 15 16 | 16.1
Shields        | 1 2 3 5 6 7 9 10 11 12 13 14 15 | 15.0
Evocations     | 2 5 6 8 9 10 | 10.0
Dodging        | 1 4 5 6 |  6.6
Armour         | 5 7 8 |  8.4

Action                   |  1- 3 |  4- 6 |  7- 9 | 10-12 | 13-15 | 16-18 | 19-21 || total
-------------------------+-------+-------+-------+-------+-------+-------+-------++-------
Melee: Hand axe          |    98 |   206 |   303 |    59 |       |       |       ||   666
       War axe           |       |       |       |    54 |       |       |       ||    54
       Executioner's axe |       |       |       |   465 |   793 |  1077 |       ||  2335
       Battleaxe         |       |       |       |       |       |    12 |   772 ||   784
Invok: Depart the Abyss  |     1 |       |       |       |       |     1 |       ||     2
       Bend Space        |       |       |     1 |       |     5 |     1 |     1 ||     8
       Banish            |       |       |       |    12 |    31 |    11 |     8 ||    62
       Corrupt           |       |       |       |       |       |     1 |     2 ||     3
 Abil: Dig               |       |       |       |       |     9 |       |     2 ||    11
Evoke: Wand              |       |       |       |     1 |     9 |     1 |       ||    11
       Lightning rod     |       |       |       |       |       |     6 |       ||     6
  Use: Scroll            |     1 |     2 |     7 |     7 |    11 |    23 |     4 ||    55
       Potion            |       |     1 |       |     3 |     2 |     1 |     2 ||     9
 Stab: Distracted        |     1 |       |       |       |       |       |       ||     1
       Paralysed         |       |       |       |     1 |       |       |       ||     1
  Eat: Chunk             |     2 |     5 |    15 |    19 |    26 |    25 |    32 ||   124
       Ration            |       |     2 |       |     6 |    11 |     8 |       ||    27
Armor: Leather armour    |    26 |    80 |    25 |       |       |       |       ||   131
       Chain mail        |       |       |    53 |    18 |       |       |       ||    71
       Scale mail        |       |       |     1 |       |       |       |       ||     1
       Plate armour      |       |       |       |   319 |   355 |   466 |   302 ||  1442
       Skin              |       |       |       |       |       |       |     2 ||     2
Dodge: Dodged            |    64 |    39 |    61 |   112 |   195 |   257 |   303 ||  1031
Block: Large shield      |     5 |   149 |   226 |   627 |   952 |  1245 |   844 ||  4048

Table legend:
 A = Non-vault XP
 B = Vault XP
 C = Vault XP percentage of total XP
 D = Non-vault monster count
 E = Vault monster count
 F = Vault count percentage of total count
                 A         B        C        D         E       F
            +---------+---------+-------+---------+---------+-------
      Total |  261770 |  109381 |  29.5 |     970 |     247 |  20.3
            +---------+---------+-------+---------+---------+-------
        D:1 |      39 |       0 |   0.0 |      22 |       0 |   0.0
        D:2 |      71 |      13 |  15.5 |      32 |       1 |   3.0
        D:3 |     298 |     257 |  46.3 |      33 |      10 |  23.3
        D:4 |     431 |     466 |  52.0 |      23 |       4 |  14.8
        D:5 |     617 |     136 |  18.1 |      26 |       1 |   3.7
        D:6 |     531 |     645 |  54.8 |      13 |       4 |  23.5
        D:7 |    1542 |       0 |   0.0 |      24 |       0 |   0.0
        D:8 |    2780 |    1320 |  32.2 |      31 |       2 |   6.1
        D:9 |    2667 |       0 |   0.0 |      15 |       0 |   0.0
       D:10 |    4707 |    1343 |  22.2 |      46 |       5 |   9.8
       D:11 |    2207 |     676 |  23.4 |      26 |      36 |  58.1
       D:12 |    7479 |    1884 |  20.1 |      39 |       5 |  11.4
       D:13 |   10773 |    2448 |  18.5 |      41 |       1 |   2.4
       D:14 |    7101 |    5638 |  44.3 |      29 |      10 |  25.6
       D:15 |   10431 |    1912 |  15.5 |      39 |       4 |   9.3
     Lair:1 |    3691 |       0 |   0.0 |      16 |       0 |   0.0
     Lair:2 |    2226 |    2205 |  49.8 |      13 |       9 |  40.9
     Lair:3 |    7702 |    3782 |  32.9 |      29 |       2 |   6.5
     Lair:4 |    3253 |     563 |  14.8 |      13 |       3 |  18.8
     Lair:5 |   12303 |     752 |   5.8 |      34 |       3 |   8.1
     Lair:6 |   13686 |   11735 |  46.2 |      26 |      23 |  46.9
   Shoals:1 |   20430 |       0 |   0.0 |      49 |       0 |   0.0
   Shoals:2 |   28772 |    3402 |  10.6 |      51 |       5 |   8.9
   Shoals:3 |   15954 |       0 |   0.0 |      29 |       0 |   0.0
   Shoals:4 |   19248 |   13524 |  41.3 |      41 |      26 |  38.8
    Snake:1 |   21954 |       0 |   0.0 |      43 |       0 |   0.0
    Snake:2 |   18064 |    7531 |  29.4 |      32 |       4 |  11.1
    Snake:3 |   13871 |       0 |   0.0 |      22 |       0 |   0.0
    Snake:4 |   15898 |   29656 |  65.1 |      26 |      41 |  61.2
      Orc:1 |    8267 |    4268 |  34.0 |      63 |       6 |   8.7
      Orc:2 |    3614 |   12152 |  77.1 |      42 |      31 |  42.5
      Elf:1 |    1163 |    3073 |  72.5 |       2 |      11 |  84.6
            +---------+---------+-------+---------+---------+-------
